 Dungeon Crawl Stone Soup version 0.18-a0-1748-g7377c14 (webtiles) character file.

431385 wvc the Spry (level 22, -4/179 HPs)
             Began as a Demonspawn Monk on Apr 11, 2016.
             Was the Champion of Cheibriados.
             Killed by the air
             ... invoked by a blizzard demon
             ... summoned by a lich
              (15 damage)
             ... on level 4 of the Vaults on Apr 13, 2016.
             The game lasted 02:55:43 (42241 turns).

wvc the Spry (Demonspawn Monk)                     Turns: 42241, Time: 02:55:49

Health: -4/179     AC: 25    Str: 18    XL:     22   Next: 84%
Magic:  20/25      EV: 38    Int: 32    God:    Cheibriados [******]
Gold:   2505       SH: 13    Dex: 35    Spells: 7 memorised, 11 levels left

rFire  + + .     SeeInvis .       - Unarmed
rCold  + + +     Gourm    .     Z - +1 troll leather armour {rC+}
rNeg   . . .     Faith    .     k - +2 buckler {rF+}
rPois  .         Spirit   .     (helmet unavailable)
rElec  .         Dismiss  .     g - +2 cloak
rCorr  +         Reflect  +     n - +1 pair of gloves of Zin's Regard {+Fly rC+++ Str-5 Stlth-}
SustAt .         Harm     .     F - +1 pair of boots of Light {MR+++ rCorr MP-9 Str-4}
MR     +++++     Clarity  +     H - +3 amulet of reflection
Stlth  +++.......               V - +4 ring of evasion
                                S - ring of Brilliance {+Inv MR+ Int+5 Slay+3 Stlth-}

@: about to teleport, very slightly contaminated, very slow, almost entirely
resistant to hostile enchantments, fairly stealthy
A: beak, horns 3, talons 1, rough black scales 3, clarity, cold resistance 1,
dopey 1, fire resistance 1, mutation resistance 1, nightstalker 2, regeneration
1, spiny 2, MP-powered wands
a: Bend Time, Temporal Distortion, Slouch, Step From Time, Renounce Religion,
Evoke Invisibility, Evoke Flight
}: 2/15 runes: decaying, serpentine


You were on level 4 of the Vaults.
You worshipped Cheibriados.
Cheibriados was exalted by your worship.
You were not hungry.

You visited 8 branches of the dungeon, and saw 41 of its levels.
You visited the Abyss 2 times.
You also visited: Ice Cave and Volcano.

You collected 6046 gold pieces.
You spent 3541 gold pieces at shops.

Inventory:

Armour
 g - a +2 cloak (worn)
 k - a +2 buckler of fire resistance (worn)
 n - the +1 pair of gloves of Zin's Regard (worn) {+Fly rC+++ Str-5 Stlth-}
   (You bought it in a shop on level 14 of the Dungeon)

   It affects your strength (-5).
   It renders you almost immune to cold.
   It lets you fly.
   It makes you less stealthy.
 F - the +1 pair of boots of Light (worn) {MR+++ rCorr MP-9 Str-4}
   (You acquired it on level 3 of the Vaults)

   It affects your strength (-4).
   It affects your resistance to hostile enchantments.
   It affects your magic capacity (-9).
   It protects you from acid and corrosion.
 M - the +2 pair of boots "Lenuu" {+Fly rN++ SInv Stlth+}
   (You bought it in a shop on level 14 of the Dungeon)

   It greatly protects you from negative energy.
   It lets you see invisible.
   It lets you fly.
   It makes you more stealthy.
 Z - a +1 troll leather armour of cold resistance (worn)
Jewellery
 t - the ring "Baarythre" {rPois rC+ Str+2 Dex-4 Stlth+}
   (You took it off a deep elf death mage on level 3 of the Elven Halls)

   [ring of poison resistance]

   It affects your strength (+2).
   It affects your dexterity (-4).
   It protects you from cold.
   It protects you from poison.
   It makes you more stealthy.
 x - an uncursed ring of resist corrosion
 y - an uncursed ring of magical power
 H - a +3 amulet of reflection (around neck)
 O - an uncursed ring of wizardry
 S - the ring of Brilliance (left hand) {+Inv MR+ Int+5 Slay+3 Stlth-}
   (You found it on level 3 of the Elven Halls)

   [ring of protection from magic]

   It affects your intelligence (+5).
   It affects your accuracy and damage with ranged weapons and melee attacks
   (+3).
   It affects your resistance to hostile enchantments.
   It lets you turn invisible.
   It makes you less stealthy.
 V - a +4 ring of evasion (right hand)
Wands
 s - a wand of confusion (20/48)
 A - a wand of disintegration (12/24)
 C - a wand of confusion (10/48)
 D - a wand of teleportation (3/9)
 I - a wand of heal wounds (3/9)
 Q - a wand of digging (5/24)
 W - a wand of teleportation (6/9)
Scrolls
 e - 7 scrolls of blinking
 i - 20 scrolls of remove curse
 j - 2 scrolls of fog
 m - 8 scrolls of magic mapping
 p - 5 scrolls of recharging
 u - 6 scrolls of amnesia
 B - a scroll of silence
 E - 3 scrolls of identify
 K - a scroll of immolation
 U - 3 scrolls of enchant weapon
 X - 5 scrolls of fear
 Y - 5 scrolls of enchant armour
Potions
 a - 6 potions of lignification
 c - 5 potions of flight
 d - 8 potions of agility
 o - 6 potions of magic
 q - 14 potions of curing
 r - 3 potions of resistance
 v - 5 potions of heal wounds
 w - 6 potions of brilliance
 z - 2 potions of cancellation
 G - 3 potions of might
 J - 4 potions of cure mutation
 P - 4 potions of ambrosia
Miscellaneous
 h - a phial of floods
 L - a phial of floods
 N - an ornate deck of escape {Swap}
Comestibles
 b - 26 bread rations
 f - 20 meat rations
 T - a fruit


   Skills:
 - Level 16.5 Fighting
 - Level 12.1 Armour
 - Level 17.3 Dodging
 - Level 1.7 Stealth
 - Level 4.0 Shields
 - Level 16.4 Unarmed Combat
 + Level 8.3 Spellcasting
 - Level 6.6 Charms
 - Level 1.9 Necromancy
 - Level 6.5 Translocations
 - Level 6.9 Transmutations
 * Level 15.2 Air Magic
 - Level 12.5 Invocations
 - Level 2.8 Evocations


You had 11 spell levels left.
You knew the following spells:

 Your Spells              Type           Power        Failure   Level  Hunger
a - Apportation           Tloc           ######....   1%          1    None
b - Shroud of Golubria    Chrm/Tloc      ######....   1%          2    None
c - Blink                 Tloc           N/A          1%          2    None
d - Regeneration          Chrm/Necr      #####.....   2%          3    None
e - Control Undead        Necr           ####......   21%         4    None
f - Tornado               Air            #######...   100%        9    #######
g - Blade Hands           Trmt           ######....   8%          5    ####...


Dungeon Overview and Level Annotations

Branches:
Dungeon (15/15)            Temple (1/1) D:7            Lair (8/8) D:10
  Swamp (4/4) Lair:3        Snake (4/4) Lair:3        Slime (0/6) Lair:6
    Orc (2/2) D:12            Elf (3/3) Orc:2        Vaults (4/5) D:14
  Crypt (0/3) Vaults:3     Depths (0/5) D:15

Altars:
Ashenzari
Cheibriados
Dithmenos
Elyvilon
Fedhas
Gozag
Kikubaaqudgha
Makhleb
Nemelex Xobeh
Okawaru
Pakellas
Qazlal
Ru
Sif Muna
Trog
Vehumet
Xom
Yredelemnul
Zin
The Shining One

Shops:
D:10 !   D:11 [[}   D:12 %   D:14 [   D:15 }   Orc:2 [[?(   Elf:1 :
Vaults:1 [   Vaults:2 :   Vaults:3 ?   Vaults:4 ?

Portals:
Hell: Lair:8
Trove: D:11 (give +3 gold dragon armour)

Annotations:
D:2 Crazy Yiuf
D:13 Maurice
Elf:2 2 runed doors


Innate Abilities, Weirdness & Mutations

You have a pair of large horns on your head.
You are completely covered in rough black scales (AC +10, Dex -3).
Your flesh is cold resistant.
You are significantly more attuned to the shadows.
You are mostly covered in sharp spines.
You have a beak for a mouth.
You have sharp toenails.
You possess an exceptional clarity of mind.
You are dopey. (Int -2)
Your flesh is heat resistant.
You are somewhat resistant to further mutation.
Your natural rate of healing is unusually fast.
You expend magic power (3 MP) to strengthen your wands.


Message History

You feel much better. The ettin misses you. The ettin closely misses you.
The blizzard demon hits you.
* * * LOW HITPOINT WARNING * * *
The blizzard demon hits you but does no damage.
The war gargoyle hits you with a great mace!!
* * * LOW HITPOINT WARNING * * *
The frost giant gestures at you while chanting.
The bolt of cold hits you! You resist.
* * * LOW HITPOINT WARNING * * *
The white very ugly thing gurgles horribly!
Read which item? (? for menu, Esc to quit)
Blink to where?
Press: ? - help, Dir - move target cursor You are very lightly contaminated with residual magic.
As you read the scroll of blinking, it crumbles to dust.
A vampire knight comes into view. It is wielding a battleaxe.
The vampire knight shouts!
The blizzard demon waves its arms in wide circles.
The air twists around and strikes you!
You die...

'### ### $$# #..# ..#
$$# #..# ..#
##+###9###+##..# ..#
#........C.Hp...#..#
..#
#........2CC....#..#
..#
#........c2.....#u.#
..#
#...........1pu)p..#
..#
#............D)p#..#
..#
#...@.......W...#..#
####
#.............Dp#..##
...########
#...............#..##
...#......#
#.V.............#..(#
...'......#
#......... #...(
.).#......#
#......... #..##
...#..<...# #..##
.).#......# #..##
##........# #.. #


You could see a yaktaur captain, a vampire knight, an ettin and a blizzard
demon.

Vanquished Creatures
  Mara (Vaults:3)
  Saint Roka (Snake:2)
  Nikola (Swamp:3)
  Jory (Vaults:3)
  2 liches
  A bone dragon (Abyss:2)
  Rupert (Snake:1)
  Jorgrun (Swamp:3)
  The ghost of barb4r1an the Warrior, an adept HOFi of Okawaru (Swamp:1)
  Asterion (Elf:1)
  A deep elf master archer (Elf:3)
  2 deep elf blademasters (Elf:3)
  2 tentacled starspawn (Abyss:2)
  A sphinx (Vaults:3)
  Kirke (Swamp:3)
  4 large abominations
  2 thorn hunters
  A tengu reaver (Vaults:4)
  8 greater nagas
  3 deep elf sorcerers
  A fire giant (Vaults:3)
  A frost giant (Vaults:4)
  Maud (Lair:6)
  14 vault wardens
  5 deep elf elementalists (Elf:3)
  Louise (Snake:3)
  17 ironheart preservers
  3 very ugly things (Vaults:1)
  10 stone giants
  7 deep elf demonologists
  2 salamander stormcallers
  7 deep elf annihilators
  Nessos (D:13)
  A dire elephant (Lair:8)
  Snorg (D:10)
  7 deep elf death magi (Elf:3)
  5 ettins
  A green death (Abyss:2)
  Fannar (D:11)
  7 yaktaur captains
  6 deep elf high priests
  17 vault guards
  21 naga warriors
  A great orb of eyes (Vaults:3)
  A rakshasa (Abyss:2)
  22 hydras
  4 ice dragons
  7 centaur warriors
  A catoblepas (Lair:8)
  3 alligators
  18 dancing weapons
  2 death yaks (Lair:8)
  A deep troll shaman (Vaults:2)
  2 death knights
  4 anacondas
  A tengu warrior (D:15)
  An alligator (shapeshifter) (Elf:3)
  A queen ant (Lair:5)
  13 ogre magi
  3 thrashing horrors (Abyss:2)
  Urug (D:12)
  3 orc high priests
  4 shock serpents
  9 naga sharpshooters
  24 deep elf knights
  The ghost of 4thArraOfDagon the Cleaver, a novice HOBe of Trog (D:11)
  3 wretched stars (Abyss:2)
  6 skeletal warriors
  4 sea snakes (Snake:3)
  2 wizards
  3 salamander mystics
  14 deep trolls
  2 fire crabs
  8 naga ritualists
  4 giant orange brains
  2 flayed ghosts
  5 unseen horrors
  5 shambling mangroves
  2 spriggan druids
  8 swamp dragons
  A harpy (Lair:8)
  11 ironbrand convokers
  10 orc knights
  6 hill giants
  5 orc sorcerers
  26 deep elf archers
  77 deep elf magi
  A lindwurm (Volcano)
  8 mana vipers
  2 necromancers
  A hill giant (shapeshifter) (Vaults:2)
  4 wolf spiders
  2 hornets
  3 griffons
  8 salamanders
  4 cyclopes
  A frost giant zombie (Vaults:4)
  6 manticores
  27 ugly things
  3 sixfirhies
  A stone giant skeleton (Vaults:4)
  19 elephants
  11 vault sentinels
  25 black mambas
  A sphinx skeleton (Vaults:1)
  17 naga magi
  A molten gargoyle (Volcano)
  A black mamba (shapeshifter) (Vaults:2)
  3 guardian serpents
  7 smoke demons
  24 spiny frogs
  5 orange demons
  2 ice statues (IceCv)
  A spiny frog (shapeshifter) (D:14)
  4 gargoyles
  7 freezing wraiths
  3 rime drakes
  An efreet (D:15)
  32 yaktaurs
  11 ice devils
  8 komodo dragons
  6 red devils (Lair:8)
  2 ancient zymes (Abyss:2)
  3 hellwings
  A polar bear (Lair:8)
  A polar bear (shapeshifter) (Vaults:2)
  6 trolls
  6 giant leeches
  19 two-headed ogres
  A shadow dragon simulacrum (Vaults:4)
  2 tengu conjurers (D:14)
  7 raiju (Abyss:2)
  An ettin zombie (Vaults:1)
  5 boulder beetles
  4 blink frogs (Lair:7)
  33 slime creatures
  A harpy skeleton (Abyss:2)
  A human simulacrum (Vaults:4)
  3 bog bodies
  5 air elementals
  4 water elementals
  A vampire (D:12)
  4 shadows
  A redback (Vaults:2)
  8 spriggans
  An ettin skeleton (Vaults:4)
  5 wyverns
  Eustachio (D:5)
  A fire giant simulacrum (Vaults:2)
  6 basilisks
  A hog (shapeshifter) (Vaults:3)
  77 yaks
  6 fire elementals
  5 hogs (Swamp:3)
  2 wraiths
  A steam dragon (D:11)
  4 hungry ghosts
  22 vampire mosquitoes
  11 hippogriffs
  A chaos spawn (Abyss:2)
  A neqoxec (Abyss:2)
  Menkaure (D:5)
  15 swamp worms
  5 wargs
  3 mottled dragons
  7 insubstantial wisps
  80 nagas
  A naga (shapeshifter) (Vaults:1)
  19 water moccasins
  8 soldier ants
  4 hell hounds
  6 porcupines
  10 swamp drakes
  17 wasps
  6 sky beasts
  44 orc warriors
  14 ice beasts
  An eye of draining (shapeshifter) (Vaults:2)
  3 phantoms
  5 boggarts (Vaults:1)
  37 ogres
  17 wolves
  25 centaurs
  A human skeleton (Vaults:1)
  14 crocodiles
  5 big kobolds
  A human zombie (Vaults:1)
  18 giant frogs
  A wyvern zombie (D:14)
  Blork the orc (D:5)
  7 earth elementals
  3 small abominations (Abyss:2)
  4 scorpions
  9 killer bees
  An electric eel (Lair:2)
  17 wights
  A howler monkey (D:6)
  4 crimson imps
  4 centaur zombies
  5 hounds
  2 quasits
  5 starcursed masses (Abyss:2)
  8 jellies
  12 orc priests
  A jelly (shapeshifter) (Vaults:1)
  6 centaur skeletons
  An iron imp (Abyss:2)
  10 iguanas
  24 orc wizards
  34 worker ants
  30 sheep
  A hound zombie (D:9)
  A hound skeleton (D:5)
  A worker ant zombie (D:6)
  4 gnolls (D:6)
  A howler monkey skeleton (D:6)
  28 river rats
  16 adders
  5 shadow imps
  9 white imps
  7 ufetubi (IceCv)
  An ooze (D:3)
  2 adder skeletons
  3 worms
  5 giant geckos
  109 orcs
  2 ball pythons
  15 bats
  6 giant cockroaches
  4 goblins
  7 hobgoblins
  11 jackals
  2 quokkas
  8 giant newts
  A goblin skeleton (D:4)
  A goblin zombie (D:4)
  3 hobgoblin zombies (D:4)
  32 kobolds
  2 kobold skeletons (D:4)
  2 kobold zombies (D:4)
  2 orc skeletons (D:4)
  2 orc zombies (D:4)
  A quokka zombie (D:6)
  13 rats
  A briar patch (Swamp:3)
  4 crawling corpses (Elf:1)
  A spectral weapon (Elf:1)
  2 starspawn tentacles (Abyss:2)
1900 creatures vanquished.

Vanquished Creatures (others)
  A deep elf master archer (Elf:3)
  A thorn hunter (Swamp:3)
  The ghost of CollectiveS the Thaumaturge, an adept GrEE of Vehumet (Orc:2)
  Aizul (Elf:1)
  A deep elf elementalist (Elf:3)
  A deep elf demonologist (Elf:3)
  A yaktaur captain (Vaults:2)
  3 deep elf knights
  5 deep elf archers
  A wizard (D:12)
  3 deep elf magi
  5 yaktaurs
  A water elemental (Elf:3)
  A hippogriff (D:10)
  An ogre (Vaults:4)
  2 ufetubi (IceCv)
  A giant gecko (D:10)
  3 orcs
  4 briar patches (Swamp:3)
  40 fungi
  38 plants
  4 starspawn tentacles (Abyss:2)
  13 starspawn tentacle segments (Abyss:2)
  4 toadstools (Swamp:3)
136 creatures vanquished.

Grand Total: 2036 creatures vanquished

Notes
Turn   | Place    | Note
--------------------------------------------------------------
     0 | D:1      | wvc the Demonspawn Monk began the quest for the Orb.
     0 | D:1      | Reached XP level 1. HP: 18/18 MP: 1/1
   281 | D:1      | Gained mutation: You have a pair of small horns on your head. [demonic ancestry]
   281 | D:1      | Reached XP level 2. HP: 19/24 MP: 2/2
   806 | D:2      | Gained mutation: You have a pair of horns on your head. [demonic ancestry]
   806 | D:2      | Reached XP level 3. HP: 24/29 MP: 3/3
   972 | D:2      | Noticed Crazy Yiuf
  1389 | D:2      | Reached skill level 5 in Unarmed Combat
  1635 | D:2      | Gained mutation: You are partially covered in rough black scales (AC +4, Dex -1). [demonic ancestry]
  1635 | D:2      | Reached XP level 4. HP: 28/35 MP: 4/4
  2449 | D:3      | Reached XP level 5. HP: 41/41 MP: 5/5
  2885 | D:4      | Found a glowing golden altar of the Shining One.
  2985 | D:4      | Gained mutation: You are partially covered in sharp spines. [demonic ancestry]
  2985 | D:4      | Reached XP level 6. HP: 30/47 MP: 6/6
  3132 | D:4      | Reached skill level 1 in Shields
  3417 | D:4      | Reached XP level 7. HP: 52/52 MP: 7/7
  3503 | D:4      | Found a shadowy altar of Dithmenos.
  3519 | D:4      | Found an oddly glowing altar of Pakellas.
  3616 | D:5      | Entered Level 5 of the Dungeon
  3766 | D:5      | Noticed Blork the orc
  3772 | D:5      | Killed Blork the orc
  4152 | D:5      | Noticed Eustachio
  4181 | D:5      | Killed Eustachio
  4181 | D:5      | Reached XP level 8. HP: 53/58 MP: 8/8
  4316 | D:5      | Noticed Menkaure
  4326 | D:5      | Killed Menkaure
  5154 | D:6      | Reached skill level 10 in Unarmed Combat
  5348 | D:6      | Reached skill level 1 in Evocations
  5598 | D:6      | Gained mutation: You are mostly covered in sharp spines. [demonic ancestry]
  5598 | D:6      | Reached XP level 9. HP: 52/63 MP: 10/10
  5855 | D:6      | Found a burning altar of Makhleb.
  5856 | D:6      | Found a radiant altar of Vehumet.
  5910 | D:7      | Found a basalt altar of Yredelemnul.
  5914 | D:7      | Found a staircase to the Ecumenical Temple.
  5939 | Temple   | Entered the Ecumenical Temple
  5991 | Temple   | Became a worshipper of Cheibriados the Contemplative
  5991 | Temple   | Reached * piety under Cheibriados
  5991 | Temple   | Reached ** piety under Cheibriados
  6115 | D:7      | Found an iron altar of Okawaru.
  6983 | D:8      | Found a blossoming altar of Fedhas.
  7080 | D:8      | Reached *** piety under Cheibriados
  7080 | D:8      | Reached skill level 1 in Armour
  7088 | D:8      | Reached skill level 3 in Dodging
  7486 | D:8      | Found a glowing silver altar of Zin.
  7797 | D:9      | Gained mutation: You are mostly covered in rough black scales (AC +7, Dex -2). [demonic ancestry]
  7797 | D:9      | Reached XP level 10. HP: 51/70 MP: 11/11
  7919 | D:9      | Reached skill level 4 in Dodging
  7919 | D:9      | Reached skill level 1 in Invocations
  7999 | D:9      | Got a bronze chain mail
  8011 | D:9      | Identified the +3 chain mail "Voel" {rPois SInv Stlth+} (You found it on level 9 of the Dungeon)
  8030 | D:9      | Reached **** piety under Cheibriados
  8797 | D:10     | Entered Level 10 of the Dungeon
  8797 | D:10     | Found Kana's Distillery.
  8802 | D:10     | Reached skill level 5 in Fighting
  8802 | D:10     | Reached skill level 5 in Dodging
  8817 | D:10     | Reached skill level 5 in Invocations
  8829 | D:10     | Bought a potion of curing for 39 gold pieces
  8829 | D:10     | Bought a potion of heal wounds for 65 gold pieces
  8829 | D:10     | Bought a potion of heal wounds for 65 gold pieces
  8829 | D:10     | Bought a potion of mutation for 32 gold pieces
  8829 | D:10     | Bought a potion of curing for 39 gold pieces
  8920 | D:10     | Reached ***** piety under Cheibriados
  9061 | D:10     | Gained mutation: Your movements are slightly less encumbered by armour (ER -2). [mutagenic meat]
  9062 | D:10     | Gained mutation: Your spells are a little harder to cast, but a little more powerful. [mutagenic meat]
  9063 | D:10     | Gained mutation: You are dopey. (Int -2) [mutagenic meat]
  9064 | D:10     | Lost mutation: Your spells are a little harder to cast, but a little more powerful. [mutagenic meat]
  9065 | D:10     | Gained mutation: You have sharp toenails. [potion of mutation]
  9065 | D:10     | Gained mutation: You possess an exceptional clarity of mind. [potion of mutation]
  9066 | D:10     | Gained mutation: Your natural rate of healing is unusually fast. [potion of mutation]
  9066 | D:10     | Gained mutation: You expend magic power (3 MP) to strengthen your wands. [potion of mutation]
  9066 | D:10     | Gained mutation: You have a beak for a mouth. [potion of mutation]
  9079 | D:10     | Noticed Snorg
  9091 | D:10     | Killed Snorg
  9091 | D:10     | Reached XP level 11. HP: 24/81 MP: 13/15
  9341 | D:10     | Noticed an unseen horror
  9347 | D:10     | Killed an unseen horror
  9371 | D:10     | Reached skill level 5 in Armour
  9442 | D:10     | Found a staircase to the Lair.
  9471 | D:10     | Reached skill level 6 in Dodging
  9546 | D:10     | Noticed a centaur warrior
  9554 | D:10     | Killed a centaur warrior
  9555 | D:10     | Reached ****** piety under Cheibriados
  9631 | D:10     | Found a shimmering altar of Xom.
  9884 | Lair:1   | Entered Level 1 of the Lair of Beasts
  9944 | Lair:1   | Noticed a seven-headed hydra
  9951 | Lair:1   | Killed a seven-headed hydra
 10537 | Lair:2   | Reached skill level 7 in Dodging
 10688 | Lair:2   | Gained mutation: You have a pair of large horns on your head. [demonic ancestry]
 10688 | Lair:2   | Reached XP level 12. HP: 90/93 MP: 18/18
 10745 | Lair:2   | Got a spiked leather armour
 10756 | Lair:2   | Identified the cursed +1 leather armour of Mezcal {rF+ Dex+3} (You found it on level 2 of the Lair of Beasts)
 11414 | Lair:3   | Found a staircase to the Snake Pit.
 11613 | Lair:3   | Found a dark tunnel.
 11626 | Volcano  | Entered a volcano
 12116 | Lair:3   | Found a staircase to the Swamp.
 12236 | Lair:4   | Noticed a six-headed hydra
 12242 | Lair:4   | Killed a six-headed hydra
 12468 | Lair:4   | Reached skill level 10 in Invocations
 12693 | Lair:5   | Noticed a queen ant
 12713 | Lair:5   | Killed a queen ant
 12714 | Lair:5   | Reached skill level 8 in Dodging
 12739 | Lair:5   | Reached skill level 10 in Fighting
 13037 | Lair:5   | Reached XP level 13. HP: 103/103 MP: 20/20
 13881 | Lair:6   | Noticed Maud
 13899 | Lair:6   | Killed Maud
 14151 | Lair:6   | Found a staircase to the Slime Pits.
 15566 | Lair:8   | Entered Level 8 of the Lair of Beasts
 15574 | Lair:8   | Reached skill level 10 in Armour
 15761 | Lair:8   | Noticed a dire elephant
 15766 | Lair:8   | Reached skill level 9 in Dodging
 15785 | Lair:8   | Killed a dire elephant
 16033 | Lair:8   | Found a burning altar of Makhleb.
 16045 | Lair:8   | Gained mutation: You are completely covered in rough black scales (AC +10, Dex -3). [demonic ancestry]
 16045 | Lair:8   | Reached XP level 14. HP: 94/113 MP: 16/22
 16053 | Lair:8   | Found a gateway to Hell.
 16212 | Lair:8   | Got a tattered robe
 16223 | Lair:8   | Identified the +1 robe "Yvvodul" {rElec rCorr Stlth+} (You found it on level 8 of the Lair of Beasts)
 16979 | Lair:8   | Learned a level 1 spell: Apportation
 16982 | Lair:8   | Learned a level 2 spell: Shroud of Golubria
 16985 | Lair:8   | Learned a level 2 spell: Blink
 17165 | D:11     | Reached skill level 10 in Dodging
 17171 | D:11     | Found Fudoefo's Gadget Boutique.
 17185 | D:11     | Found a frozen archway.
 17204 | IceCv    | Entered an ice cave
 17666 | IceCv    | Identified a scroll of acquirement
 17667 | IceCv    | Got a transparent chain mail
 17747 | IceCv    | Identified the +0 chain mail of the Suburbs {rN+ Str+4} (You acquired it in an ice cave)
 17795 | D:11     | Found Oriet's Antique Armour Boutique.
 17836 | D:11     | Noticed 4thArraOfDagon's ghost (novice HOBe)
 17849 | D:11     | Killed 4thArraOfDagon's ghost
 17860 | D:11     | Noticed Fannar
 17873 | D:11     | Killed Fannar
 17892 | D:11     | Gained mutation: Your flesh is heat resistant. [mutagenic meat]
 17894 | D:11     | Lost mutation: Your movements are slightly less encumbered by armour (ER -2). [mutagenic meat]
 18212 | D:11     | Found a portal to a secret trove of treasure.
 18240 | D:11     | Found Meimov's Armour Emporium.
 18535 | D:12     | Found a staircase to the Orcish Mines.
 18567 | Orc:1    | Entered Level 1 of the Orcish Mines
 18673 | Orc:2    | Entered Level 2 of the Orcish Mines
 18941 | Orc:2    | Paralysed by an orc sorcerer for 3 turns
 19029 | Orc:2    | Noticed CollectiveS's ghost (adept GrEE)
 19059 | Orc:2    | Gained mutation: Your flesh is cold resistant. [demonic ancestry]
 19059 | Orc:2    | Reached XP level 15. HP: 110/123 MP: 15/24
 19117 | Orc:2    | Found a staircase to the Elven Halls.
 19152 | Orc:2    | Reached skill level 11 in Dodging
 19259 | Orc:2    | Killed CollectiveS's ghost
 19537 | Orc:2    | Found Mysorgh's Armour Shop.
 19537 | Orc:2    | Found Hint's Magic Scroll Shoppe.
 19539 | Orc:2    | Found Laom's Weapon Emporium.
 19541 | Orc:2    | Found Kidaogo's Antique Armour Boutique.
 19546 | Orc:2    | Bought a scroll of magic mapping for 45 gold pieces
 19546 | Orc:2    | Bought a scroll of identify for 26 gold pieces
 19546 | Orc:2    | Bought a scroll of identify for 26 gold pieces
 19546 | Orc:2    | Bought a scroll of identify for 26 gold pieces
 19546 | Orc:2    | Bought a scroll of magic mapping for 45 gold pieces
 19546 | Orc:2    | Bought a scroll of magic mapping for 45 gold pieces
 19546 | Orc:2    | Bought a scroll of enchant armour for 97 gold pieces
 19677 | Orc:2    | Upgraded the game from 0.18-a0-1730-g73f0523 to 0.18-a0-1745-gffa9a88
 19801 | D:11     | Bought a brightly glowing plate armour for 756 gold pieces
 19815 | D:11     | Identified the cursed +0 plate armour of Murghim {rElec rPois} (You bought it in a shop on level 11 of the Dungeon)
 19931 | Snake:1  | Entered Level 1 of the Snake Pit
 20196 | Snake:1  | Noticed Rupert
 20234 | Snake:1  | Killed Rupert
 20766 | Snake:2  | Reached skill level 12 in Dodging
 20909 | Snake:2  | You fall through a shaft!
 21454 | Snake:2  | Noticed a greater naga
 21463 | Snake:2  | Killed a greater naga
 21778 | Snake:3  | Noticed Louise
 21788 | Snake:3  | Killed Louise
 21797 | Snake:3  | Reached skill level 13 in Dodging
 21949 | Snake:3  | Noticed Saint Roka
 21974 | Snake:2  | Killed Saint Roka
 22002 | Snake:2  | Reached XP level 16. HP: 101/133 MP: 21/25
 22122 | Snake:3  | Gained mutation: You are slightly more attuned to the shadows. [demonic ancestry]
 22122 | Snake:3  | Reached XP level 17. HP: 139/139 MP: 26/26
 22710 | Snake:3  | crauler: главный минус УК
 22721 | Snake:3  | crauler: нельзя порадоваться находке крутой пушки
 22721 | Snake:3  | wvc: :(
 22722 | Snake:4  | Entered Level 4 of the Snake Pit
 22743 | Snake:4  | Reached skill level 14 in Dodging
 24076 | Snake:4  | Reached skill level 15 in Dodging
 24101 | Snake:4  | Got a serpentine rune of Zot
 24317 | Swamp:1  | Entered Level 1 of the Swamp
 24319 | Swamp:1  | Noticed barb4r1an's ghost (adept HOFi)
 24469 | Swamp:1  | Killed barb4r1an's ghost
 24666 | Swamp:1  | Reached XP level 18. HP: 133/148 MP: 27/27
 24726 | Swamp:1  | Reached skill level 1 in Spellcasting
 24726 | Swamp:1  | Reached skill level 1 in Charms
 24726 | Swamp:1  | Reached skill level 1 in Translocations
 26054 | Swamp:3  | Noticed Nikola
 26055 | Swamp:3  | wvc: FIRE IN THE DISCO
 26064 | Swamp:3  | Noticed Jorgrun
 26084 | Swamp:3  | crauler: еще и жора
 26085 | Swamp:3  | Killed Jorgrun
 26106 | Swamp:3  | Killed Nikola
 26341 | Swamp:3  | Noticed Kirke
 26375 | Swamp:3  | Killed Kirke
 26599 | Swamp:4  | Entered Level 4 of the Swamp
 26984 | Swamp:4  | Gained mutation: You are somewhat resistant to further mutation. [potion of beneficial mutation]
 27043 | Swamp:4  | Reached skill level 5 in Spellcasting
 27060 | Swamp:4  | Reached skill level 5 in Translocations
 27067 | Swamp:4  | Reached skill level 5 in Charms
 27258 | Swamp:4  | Got a decaying rune of Zot
 27554 | Elf:1    | Entered Level 1 of the Elven Halls
 27670 | Elf:1    | Noticed Aizul
 27682 | Elf:1    | Killed Aizul
 27950 | Elf:1    | wvc: виебут с одним плюсом МР
 28174 | D:12     | Got a pair of smoking boots
 28185 | D:12     | Identified the -1 pair of boots of Kan Joi {rN+} (You acquired it on level 12 of the Dungeon)
 28223 | D:12     | Found Qedd's Food Emporium.
 28277 | D:12     | Noticed Urug
 28287 | D:12     | Killed Urug
 28336 | D:12     | Found a sacrificial altar of Ru.
 28506 | D:12     | Found a bloodstained altar of Trog.
 28679 | D:13     | Reached XP level 19. HP: 154/154 MP: 29/29
 28885 | D:13     | Noticed Nessos
 28895 | D:13     | Killed Nessos
 29546 | D:13     | Noticed Maurice
 29993 | D:14     | Reached skill level 15 in Fighting
 30006 | D:14     | Found Tiunteg's Armour Shop.
 30027 | D:14     | Bought the +1 pair of gloves of Zin's Regard {+Fly rC+++ Str-5 Stlth-} for 458 gold pieces
 30027 | D:14     | Bought the +2 pair of boots "Lenuu" {+Fly rN++ SInv Stlth+} for 452 gold pieces
 30411 | D:14     | Found a gate to the Vaults.
 30776 | D:15     | Entered Level 15 of the Dungeon
 30801 | D:15     | Found a staircase to the Depths.
 31312 | D:15     | Found Gasunuipn's Gadget Shoppe.
 31494 | Vaults:1 | Entered Level 1 of the Vaults
 31926 | Elf:1    | Reached skill level 16 in Dodging
 31961 | Elf:1    | Found Qagyuvau's Book Boutique.
 32279 | Elf:1    | Noticed Asterion
 32287 | Elf:1    | Noticed a Brimstone Fiend
 32289 | Elf:1    | Killed Asterion
 32292 | Elf:1    | Reached skill level 15 in Unarmed Combat
 32832 | Elf:2    | Found a runed door.
 32859 | Elf:2    | Found a runed door.
 33351 | Elf:3    | Entered Level 3 of the Elven Halls
 33785 | Elf:3    | Reached XP level 20. HP: 164/164 MP: 30/30
 34804 | Elf:3    | Reached skill level 17 in Dodging
 34829 | Elf:3    | Got a vibrating golden ring
 34829 | Elf:3    | Got a smoking marble ring
 34830 | Elf:3    | wvc: Arga
 34830 | Elf:3    | wvc: никогда не попадалась
 34830 | Elf:3    | Got a pitted chain mail
 34833 | Elf:3    | Identified the ring "Farich" {rElec rN+ Stlth-} (You took it off a deep elf high priest on level 3 of the Elven Halls)
 34835 | Elf:3    | Identified the ring "Dokhliq" {-Tele rF+ rC+ rN++ MP+9} (You took it off a deep elf death mage on level 3 of the Elven Halls)
 34838 | Elf:3    | Identified the cursed +1 chain mail of Beogh's Delight {Stlth+} (You took it off a deep elf high priest on level 3 of the Elven Halls)
 34958 | Elf:3    | Cast into level 2 of the Abyss (a deep elf sorcerer)
 35642 | Abyss:2  | Found a corrupted altar of Lugonu.
 35929 | Elf:3    | Escaped the Abyss
 35946 | Elf:3    | Got a faintly glowing iron ring
 36006 | Elf:3    | Got a faintly glowing crystal amulet
 36008 | Elf:3    | Got a twitching pewter ring
 36011 | Elf:3    | Identified the amulet "Micuigi" {Gourm Int+4} (You took it off a deep elf death mage on level 3 of the Elven Halls)
 36015 | Elf:3    | Identified the ring "Baarythre" {rPois rC+ Str+2 Dex-4 Stlth+} (You took it off a deep elf death mage on level 3 of the Elven Halls)
 36017 | Elf:3    | Identified the ring of Brilliance {+Inv MR+ Int+5 Slay+3 Stlth-} (You found it on level 3 of the Elven Halls)
 36077 | Elf:3    | Learned a level 3 spell: Regeneration
 36082 | Elf:3    | Learned a level 4 spell: Control Undead
 36092 | Elf:3    | Learned a level 9 spell: Tornado
 36312 | Elf:3    | Reached skill level 1 in Air Magic
 36962 | Vaults:1 | Cast into level 2 of the Abyss (a deep elf demonologist)
 37019 | Abyss:2  | Noticed a bone dragon
 37036 | Abyss:2  | Killed a bone dragon
 37157 | Abyss:2  | Found a deep blue altar of Sif Muna.
 37159 | Abyss:2  | Found an ancient bone altar of Kikubaaqudgha.
 37170 | Abyss:2  | Found an ancient bone altar of Kikubaaqudgha.
 37181 | Abyss:2  | Found a corrupted altar of Lugonu.
 37274 | Vaults:1 | Escaped the Abyss
 37283 | Vaults:1 | Reached skill level 5 in Air Magic
 37648 | Vaults:1 | Reached XP level 21. HP: 146/172 MP: 31/31
 37658 | Vaults:1 | Reached skill level 1 in Necromancy
 38071 | Vaults:1 | Found Towk's Antique Armour Shop.
 38081 | Vaults:1 | Upgraded the game from 0.18-a0-1745-gffa9a88 to 0.18-a0-1748-g7377c14
 38081 | Vaults:1 | Bought a pair of scorched boots for 285 gold pieces
 38091 | Vaults:1 | Identified the +0 pair of boots of Minuig {Str+5} (You bought it in a shop on level 1 of the Vaults)
 38518 | Vaults:2 | Reached skill level 10 in Air Magic
 38715 | Vaults:2 | Found Fothrastro's Book Boutique.
 38730 | Vaults:2 | Bought a book of Changes for 450 gold pieces
 38737 | Vaults:2 | Learned a level 5 spell: Blade Hands
 38799 | Vaults:2 | Reached skill level 1 in Transmutations
 39211 | Vaults:2 | Reached skill level 5 in Transmutations
 39726 | Vaults:3 | Noticed Jory
 39747 | Vaults:3 | Killed Jory
 40027 | Vaults:3 | Found Kanemoj's Magic Scroll Boutique.
 40034 | Vaults:3 | Bought a scroll of blinking for 112 gold pieces
 40034 | Vaults:3 | Bought a scroll of teleportation for 45 gold pieces
 40034 | Vaults:3 | Bought a scroll of blinking for 112 gold pieces
 40034 | Vaults:3 | Bought a scroll of enchant armour for 112 gold pieces
 40139 | Vaults:3 | Gained mutation: You are significantly more attuned to the shadows. [demonic ancestry]
 40139 | Vaults:3 | Reached XP level 22. HP: 173/179 MP: 33/33
 40352 | Vaults:3 | Noticed Mara
 40368 | Vaults:3 | Noticed wvc's illusion
 40371 | Vaults:3 | Killed Mara
 40424 | Vaults:3 | Found a staircase to the Crypt.
 40424 | Vaults:3 | Found an ancient bone altar of Kikubaaqudgha.
 40425 | Vaults:3 | Found a basalt altar of Yredelemnul.
 40801 | Vaults:3 | Got a pair of ichor-stained boots
 40812 | Vaults:3 | Identified the +1 pair of boots of Light {MR+++ rCorr MP-9 Str-4} (You acquired it on level 3 of the Vaults)
 41429 | Vaults:4 | Found a snail-covered altar of Cheibriados.
 41932 | Vaults:4 | Found Buhin's Magic Scroll Shoppe.
 41938 | Vaults:4 | Bought a scroll of recharging for 209 gold pieces
 42162 | Vaults:4 | Reached skill level 15 in Air Magic
 42214 | Vaults:4 | Noticed a golden dragon
 42241 | Vaults:4 | Killed from afar by a blizzard demon

Vault maps used:
D:1:      evilmike_arrival_fibonacci_small, grunt_decor_cap
D:2:      minmay_door_path, uniq_crazy_yiuf_cottage
D:4:      grunt_dithmenos_smoke, nicolae_tso_besieged_by_evil,
          grunt_pakellas_salt
D:5:      lemuel_upstairs_altar, first_bread, minmay_misc_feat_x,
          nrook_loot_triangle, serial_bayou_lagoon_a, corexii_shack,
          uniq_menkaure, uniq_blork_the_orc, uniq_eustachio
D:6:      grunt_temple_overflow_lords_of_destruction
D:7:      okawaru_trees_2, temple_fountains, basic_altar
D:8:      zin_scriptorium, nicolae_overflow_hidden_temple
D:10:     grunt_lair_entry_orc_guard_hut, serial_shops, nicolae_shop_crystal,
          hangedman_stone_soup, tgw_xom, uniq_snorg
D:11:     nicolae_trove_entry_crossroad, serial_shops,
          nicolae_shop_temple_entry_statues_fountains, nicolae_shop_crystal,
          nicolae_shop_behind_doors, portal_ice_cave_entry_ice_beasts,
          uniq_fannar
D:12:     minmay_orc_entry_guard_dogs, basic_altar, serial_shops, shop_statue,
          trog_wizard, uniq_urug
D:13:     kennysheep_generic_room_11, uniq_maurice, uniq_nessos
D:14:     david_vaults_5, kennysheep_big_empty_room, serial_shops, shop,
          serial_co_window_serial, co_window_paths_b, co_window_corner_a,
          co_window_paths_a, co_window_of_opportunity_a, co_window_paths_a,
          co_window_unsneaky_path_e, co_window_2corner, co_window_corner_b,
          co_window_cross_2, co_window_corner_ca, glass_columns_c,
          glass_columns_a, glass_columns_a, minmay_misc_feat_four_crosses
D:15:     hangedman_depths_entry_civil_slaughter, serial_shops,
          nicolae_shop_behind_doors
Temple:   zaba_magenta_temple_12
Lair:2:   serial_forest, infiniplex_forest_lined_4_way,
          infiniplex_forest_zigzag_1, infiniplex_forest_zigzag_1,
          infiniplex_forest_side_room, infiniplex_forest_clump_double,
          infiniplex_forest_clump_medium, infiniplex_forest_straight_4,
          infiniplex_staircase_pool
Lair:3:   minmay_swamp_entry_worms, guppyfry_snake_entry_island,
          enter_volcano_2, grunt_megastairs_3
Lair:5:   zaba_antful_of_joy
Lair:6:   wad_woods_tower, minmay_slime_entry_pillars, uniq_maud
Lair:7:   minmay_lair_venomous_thicket, infiniplex_staircase_pool_2,
          grunt_megastairs_4
Lair:8:   evil_forest, special_room, lemuel_fruit_tree, lemuel_fruit_fields
Swamp:1:  hangedman_swamp_diagram
Swamp:2:  hangedman_swamp_pad
Swamp:3:  cheibrodos_swamp_tower_of_moss, hangedman_swamp_ruin_hall, uniq_kirke,
          uniq_nikola, uniq_jorgrun
Swamp:4:  swamp
Snake:1:  uniq_rupert
Snake:3:  serial_bayou_shore_a, uniq_louise, uniq_saint_roka
Snake:4:  minmay_snake_end_coiled, grunt_ministairs_15
Orc:2:    st_orc_rangers
Elf:1:    eino_elf_arrival_shootout, serial_shops, shop, orc_legates,
          grunt_ministairs_12, dk_noncrumbling_4, uniq_aizul, uniq_asterion
Elf:3:    grunt_elf_hall_asides, st_stairs_3
Vaults:1: v_pattern_5, hangedman_vaults_corner, nicolae_vaults_little_squares_2,
          nicolae_vaults_little_squares_6, vaults_room_ringed_pool,
          vaults_dpeg_encased_lava, nicolae_vaults_little_squares_2,
          ontoclasm_vaults_shuriken, ontoclasm_vaults_bender,
          ontoclasm_vaults_misaligned, v_misc_16,
          vaults_room_grunt_arrival_checkpoint, vaults_room_door_ring,
          serial_shops, shop
Vaults:2: grunt_vaults_bifocal, st_smaller_cells, v_misc_30, v_misc_30,
          v_alt_pattern_4, v_pattern_4, ontoclasm_vaults_eye,
          grunt_vaults_hallway_short, v_misc_8, vaults_room_hallway,
          nicolae_vaults_big_ls, v_misc_29, ontoclasm_vaults_loading_screen,
          serial_shops, shop_statue
Vaults:3: minmay_crypt_entry_necro_gods, v_misc_11, nicolae_vaults_arrows,
          nicolae_vaults_little_squares_1, nicolae_vaults_border_crossing,
          vaults_room_corners, hangedman_vaults_locks, serial_shops,
          shop_fountains, uniq_mara, uniq_jory
Vaults:4: hangedman_vaults_capsules, hangedman_vaults_restitches,
          ontoclasm_vaults_ligature, st_greater_box_5,
          hangedman_vaults_stretched_pinwheel, nicolae_vaults_theta,
          hangedman_vaults_hat, vaults_standard_mumra_lines, v_pattern_1,
          v_alt_pattern_1, vaults_room_stairs_pillars, v_misc_4, v_misc_8,
          basic_altar, serial_shops, nicolae_shop_waterfront
Abyss:2:  minivault_1
IceCv:    ice_cave_small_demon
Volcano:  volcano_aerie

Skill      XL: |  1  2  3  4  5  6  7  8  9 10 11 12 13 14 15 16 17 18 19 20 21 22 |
---------------+-------------------------------------------------------------------+-----
Unarmed Combat | 4 5 6 7 9 10 12 14 15 16 | 16.4
Shields        | 1 2 3 4 |  4.0
Evocations     | 1 2 |  2.8
Armour         | 2 4 6 8 10 11 12 | 12.1
Dodging        | 3 5 7 8 9 10 13 15 16 17 | 17.3
Invocations    | 5 8 10 11 12 | 12.5
Fighting       | 5 8 10 11 13 14 15 16 | 16.5
Spellcasting   | 6 7 8 |  8.3
Charms         | 6 |  6.6
Translocations | 6 |  6.5
Air Magic      | 6 11 15 | 15.2
Necromancy     | 1 |  1.9
Transmutations | 6 |  6.9
Stealth        | |  1.7

Action                   |  1- 3 |  4- 6 |  7- 9 | 10-12 | 13-15 | 16-18 | 19-21 | 22-24 || total
-------------------------+-------+-------+-------+-------+-------+-------+-------+-------++-------
Melee: Unarmed           |   127 |   192 |   275 |   600 |  1168 |  1204 |  1894 |   571 ||  6031
       Headbutt          |       |       |       |       |       |       |   229 |   287 ||   516
       Peck              |       |       |       |       |       |       |   209 |   237 ||   446
       Punch             |       |       |       |       |       |       |     6 |       ||     6
 Cast: Blade Hands       |       |       |       |       |       |       |     1 |       ||     1
       Regeneration      |       |       |       |       |       |       |       |     2 ||     2
Invok: Slouch            |       |       |       |     2 |     7 |    10 |    13 |     1 ||    33
Evoke: Club              |       |     3 |     5 |     3 |     1 |     6 |     5 |     1 ||    24
  Use: Scroll            |       |     8 |     8 |    10 |    18 |     9 |    12 |     4 ||    69
       Potion            |       |       |       |     2 |     5 |     4 |       |     1 ||    12
 Stab: Sleeping          |     1 |     4 |     5 |     1 |     7 |     6 |    52 |    12 ||    88
       Distracted        |       |       |       |       |     4 |     6 |    10 |     3 ||    23
       Invisible         |       |       |       |       |     1 |       |       |       ||     1
  Eat: Chunk             |     1 |       |     5 |     9 |     4 |       |     7 |     2 ||    28
       Meat ration       |     1 |       |       |       |       |       |     1 |       ||     2
       Fruit             |       |     2 |       |       |    22 |    20 |     5 |     2 ||    51
       Royal jelly       |       |       |     2 |     1 |       |     1 |       |       ||     4
       Beef jerky        |       |       |     6 |     2 |     2 |     1 |     5 |       ||    16
       Pizza             |       |       |       |       |       |       |     2 |     1 ||     3
Armor: Troll leather arm |       |       |       |       |       |       |    49 |    61 ||   110
Dodge: Dodged            |       |       |       |       |       |       |   414 |   445 ||   859
Block: Buckler           |       |       |       |       |       |       |   233 |   299 ||   532
       Reflected         |       |       |       |       |       |       |    32 |    32 ||    64
       Other             |       |       |       |       |       |       |     3 |       ||     3
